Map: Doraelus Hills

Players

Blubbel - Winner!

  • Race: Terran Terran
  • League: Silver

zod - Winner!

  • Race: Protoss Protoss
  • League: Silver

MasteroP - Winner!

  • Race: Zerg Zerg

Grechinston

  • Race: Terran Terran
  • League: Silver

DaseiZull

  • Race: Protoss Protoss
  • League: Bronze

Jizzus

  • Race: Terran Terran

VOD

Have the link to the VOD?

Description

Time

  • Played on: Jan. 10, 2016, 8:07 a.m.
  • Length: 14:06
Show
View Real Time Build Order
Export as new Build Order

Blubbel Terran - Winner!

Build Orders:  

Get SALT Encoding   

  12  0:02  SCV  
  14  0:14  SCV  
  14  0:23  Supply Depot  
  14  0:26  SCV  
  15  0:37  Refinery  
  15  0:44  SCV  
  16  0:50  Barracks  
  16  0:59  SCV  
  17  1:11  SCV  
  18  1:23  SCV  
  19  1:38  Supply Depot  
  19  1:44  Factory  
  19  1:45  Marine  
  20  1:54  SCV  
  21  2:17  Command Center  
  21  2:28  Barracks Reactor  
  21  2:37  Starport  
  21  2:44  SCV  
  22  2:45  Refinery  
  22  2:51  Widow Mine  
  24  3:00  Orbital Command  
  24  3:06  Engineering Bay  
  24  3:10  Marine x2  
  26  3:19  Medivac  
  28  3:28  Marine x2  
  28  3:30  Supply Depot  
  30  3:39  SCV  
  30  3:41  SCV  
  32  3:51  SCV  
  32  3:52  Supply Depot  
  32  3:53  SCV  
  32  3:55  Widow Mine  
  34  3:59  Marine x2  
  34  4:02  Terran Infantry Weapons Level 1  
  38  4:03  SCV  
  39  4:11  Orbital Command  
  39  4:15  SCV  
  40  4:18  Medivac  
  42  4:29  Widow Mine  
  42  4:30  Marine x2  
  46  4:48  Marine x2  
  48  5:09  Barracks  
  47  5:41  SCV  
  48  5:45  SCV  
  48  5:47  Marine x2  
  51  5:53  SCV  
  52  5:57  SCV  
  52  5:59  Terran Infantry Armor Level 1  
  52  6:02  Barracks  
  53  6:05  SCV, Marine x2  
  53  6:07  Armory  
  53  6:09  SCV  
  57  6:18  SCV  
  58  6:21  SCV  
  58  6:23  Marine  
  60  6:30  SCV  
  55  6:33  SCV  
  52  6:47  SCV  
  53  6:54  Barracks x2  
  53  6:59  SCV  
  53  7:01  Engineering Bay  
  54  7:02  Barracks Tech Lab  
  54  7:04  Barracks Tech Lab  
  54  7:09  Barracks  
  54  7:11  SCV  
  53  7:24  SCV  
  54  7:31  Marauder x2  
  54  7:34  Combat Shields  
  54  7:36  SCV  
  54  7:37  Stimpack  
  59  7:44  Barracks Reactor  
  59  7:45  Barracks Reactor  
  59  7:48  Terran Infantry Weapons Level 2  
  59  7:51  Supply Depot  
  59  7:52  Marauder  
  59  7:54  Supply Depot  
  59  7:56  Terran Infantry Armor Level 2  
  61  8:03  Barracks  
  61  8:06  Starport Reactor  
  61  8:07  Command Center  
  61  8:10  Marine  
  61  8:12  Marine x2  
  62  8:13  Marauder x2  
  68  8:27  Refinery  
  68  8:28  Marine  
  69  8:34  Marauder  
  69  8:35  Barracks Tech Lab, Marauder  
  69  8:37  Marine  
  69  8:38  Marine x4  
  78  8:54  Supply Depot  
  78  8:56  Supply Depot  
  78  8:58  Supply Depot  
  78  9:16  Marauder, Marine x6  
  86  9:18  Marauder, Marine x2  
  90  9:34  Marine x4  
  90  9:35  Marine  
  90  9:38  Marauder  
  97  9:40  Marauder  
  90  9:53  Marine x5, Marauder  
  90  9:58  Supply Depot  
  90  9:59  Marauder  
  99  10:01  Supply Depot, Marauder  
  99  10:03  Supply Depot  
  101  10:12  Missile Turret  
  101  10:14  Marauder  
  101  10:18  Marine x2  
  101  10:19  Marine x3  
  101  10:20  Marauder  
  110  10:22  Marauder  
  112  10:31  Missile Turret  
  114  10:36  Marauder  
  114  10:42  Marauder  
  116  10:44  Marauder  
  116  10:45  Barracks Reactor  
  118  10:52  Command Center  
  120  10:57  Marauder  
  120  11:03  Marauder  
  122  11:05  Marauder  
  126  11:18  Marauder  
  126  11:25  Marauder  
  128  11:27  Marauder  
  103  11:40  Marauder  
  103  11:46  Marauder  
  83  12:02  Marine x5, Marauder x2  
  83  12:03  Marine x3  
  83  12:07  Marauder  
  85  12:20  Marine x7  
  85  12:21  Marine  
  93  12:23  Marauder x2  
  93  12:29  Marauder  
  99  12:37  Marine  
  99  12:38  Marine x7  
  99  12:42  Refinery  
  106  12:44  Marauder x2  
  106  12:50  Marauder  
  106  12:55  Marine x2  
  106  12:56  Marine x6  
  114  13:06  Marauder x2  
  114  13:11  Marine  
  119  13:31  Marauder x3  
  119  13:32  Marine x7  
  119  13:33  Marine  
Show
View Real Time Build Order
Export as new Build Order

zod Protoss - Winner!

Build Orders: 1 Gate Expand 

Get SALT Encoding   

  12  0:02  Probe (Chrono Boost)  
  13  0:12  Probe (Chrono Boost)  
  14  0:18  Pylon  
  14  0:23  Probe (Chrono Boost)  
  15  0:37  Probe (Chrono Boost)  
  15  0:39  Gateway  
  16  0:47  Probe (Chrono Boost)  
  17  0:59  Probe (Chrono Boost)  
  18  1:16  Nexus  
  18  1:20  Probe (Chrono Boost)  
  19  1:31  Zealot, Assimilator  
  21  1:39  Cybernetics Core  
  21  1:48  Forge  
  21  1:50  Probe (Chrono Boost)  
  22  1:59  Pylon  
  22  2:05  Probe (Chrono Boost)  
  23  2:17  Probe (Chrono Boost)  
  23  2:21  Pylon  
  24  2:22  Photon Cannon  
  24  2:28  Probe (Chrono Boost), Warp Gate  
  25  2:35  Assimilator  
  25  2:37  Probe (Chrono Boost)  
  26  2:45  Assimilator  
  26  2:47  Probe x2 (Chrono Boost)  
  28  2:57  Probe (Chrono Boost)  
  29  3:01  Photon Cannon  
  29  3:02  Probe (Chrono Boost)  
  30  3:08  Mothership Core (Chrono Boost)  
  32  3:19  Gateway  
  32  3:28  Stargate  
  32  3:31  Pylon  
  32  3:33  Pylon  
  32  3:37  Probe x2 (Chrono Boost), Pylon  
  34  3:42  Assimilator  
  34  3:47  Probe (Chrono Boost)  
  34  3:48  Probe (Chrono Boost)  
  36  3:53  Pylon  
  36  4:04  Robotics Facility  
  36  4:10  Stargate  
  36  4:22  Protoss Shields Level 1  
  36  4:23  Probe x2 (Chrono Boost)  
  38  4:33  Probe x2 (Chrono Boost)  
  38  4:34  Protoss Air Weapons Level 1  
  38  4:38  Oracle (Chrono Boost)  
  40  4:44  Probe x2  
  45  4:58  Probe x2  
  47  5:10  Probe x2  
  47  5:12  Zealot x2  
  57  5:21  Void Ray (Chrono Boost)  
  57  5:27  Void Ray (Chrono Boost)  
  61  5:38  Fleet Beacon  
  61  5:42  Photon Cannon  
  61  5:53  Stargate  
  61  6:03  Stalker x2  
  65  6:34  Tempest (Chrono Boost)  
  65  6:35  Protoss Air Weapons Level 2  
  73  6:42  Tempest (Chrono Boost)  
  73  7:08  Twilight Council  
  70  7:36  Nexus  
  70  7:40  Assimilator  
  70  7:42  Assimilator  
  70  7:48  Stalker x2, Assimilator  
  74  7:52  Assimilator  
  74  7:55  Nexus, Blink  
  74  7:59  Tempest (Chrono Boost)  
  78  8:14  Probe  
  78  8:15  Probe  
  80  8:26  Probe  
  81  8:36  Probe  
  81  8:37  Protoss Air Armor Level 1  
  81  8:39  Probe  
  83  8:43  Stalker  
  83  8:48  Probe, Pylon  
  86  8:51  Probe  
  86  8:53  Pylon  
  86  8:55  Tempest (Chrono Boost), Pylon  
  95  8:57  Pylon  
  95  9:00  Tempest (Chrono Boost)  
  95  9:01  Pylon  
  95  9:06  Pylon  
  95  9:09  Pylon  
  95  9:16  Pylon  
  95  9:18  Pylon  
  99  9:32  Tempest (Chrono Boost)  
  99  9:34  Tempest (Chrono Boost)  
  99  9:35  Probe  
  99  9:36  Probe x2  
  99  9:37  Stargate  
  106  9:40  Probe  
  107  9:45  Probe  
  107  9:48  Probe x2  
  107  9:52  Observer  
  111  10:03  Stargate  
  111  10:10  Protoss Air Weapons Level 3  
  111  10:11  Stalker  
  111  10:12  Stalker  
  115  10:23  Tempest (Chrono Boost)  
  119  10:32  Pylon  
  119  10:34  Pylon  
  119  10:35  Pylon  
  119  10:36  Pylon  
  119  10:38  Pylon  
  123  10:47  Tempest (Chrono Boost)  
  127  10:51  Tempest (Chrono Boost)  
  127  11:06  Tempest (Chrono Boost)  
  135  11:13  Tempest (Chrono Boost)  
  109  11:45  Observer  
  118  11:48  Tempest x3 (Chrono Boost)  
  117  12:00  Tempest (Chrono Boost)  
  125  12:05  Tempest (Chrono Boost)  
  125  12:07  Observer  
  118  12:28  Observer  
  127  12:31  Tempest x2 (Chrono Boost)  
  127  12:52  Tempest (Chrono Boost)  
  131  12:58  Tempest (Chrono Boost)  
Show
View Real Time Build Order
Export as new Build Order

MasteroP Zerg - Winner!

Build Orders: Pool First, Lurkers 

Get SALT Encoding   

  12  0:01  Drone  
  13  0:12  Overlord  
  13  0:17  Drone  
  14  0:36  Spawning Pool  
  14  0:37  Drone  
  14  0:43  Drone  
  14  0:45  Drone  
  14  0:49  Extractor  
  15  0:51  Drone  
  15  0:57  Extractor  
  15  0:59  Drone  
  16  1:10  Drone  
  17  1:20  Drone  
  18  1:35  Drone  
  18  1:36  Hatchery  
  18  1:46  Queen  
  18  1:51  Drone  
  21  1:57  Overlord  
  21  2:03  Drone  
  22  2:13  Metabolic Boost  
  22  2:23  Drone  
  22  2:28  Drone  
  24  2:39  Roach Warren  
  24  2:41  Drone  
  24  2:47  Queen  
  24  2:50  Drone  
  24  2:51  Drone  
  28  2:55  Overlord  
  28  3:02  Lair  
  28  3:14  Drone x3  
  31  3:21  Drone x3  
  34  3:35  Overlord x2  
  34  3:39  Drone  
  35  3:42  Drone  
  35  3:47  Drone  
  37  3:53  Drone  
  38  4:03  Drone x2  
  38  4:04  Drone x2  
  38  4:09  Glial Reconstitution  
  42  4:19  Drone x4  
  46  4:49  Roach x3  
  46  4:50  Roach x4  
  60  4:54  Hatchery  
  60  4:59  Evolution Chamber  
  58  5:03  Evolution Chamber  
  57  5:07  Roach  
  57  5:08  Overlord x3  
  59  5:18  Overlord  
  59  5:28  Hydralisk Den  
  59  5:33  Overseer x2  
  58  5:36  Roach  
  58  5:37  Roach x7  
  58  5:39  Zerg Missile Weapons Level 1  
  58  5:40  Zerg Ground Armor Level 1  
  74  5:49  Extractor  
  73  5:52  Extractor  
  73  5:55  Drone x5  
  73  5:56  Drone x3  
  80  6:03  Roach x2  
  84  6:11  Muscular Augments  
  84  6:17  Drone  
  84  6:18  Drone x3  
  88  6:19  Queen  
  90  6:30  Hydralisk x2  
  94  6:35  Extractor  
  94  6:38  Extractor  
  92  6:47  Zergling x10  
  92  6:48  Zergling x2  
  98  6:59  Overlord x3  
  98  7:23  Lurker Den  
  98  7:31  Drone x8  
  98  7:32  Drone x4  
  98  7:33  Zerg Melee Weapons Level 1  
  110  7:50  Drone x3  
  113  7:55  Hydralisk x3  
  113  7:56  Hydralisk  
  113  7:58  Zerg Ground Armor Level 2  
  121  8:12  Overlord, Zergling x2  
  122  8:13  Overlord x3  
  122  8:22  Overlord x2  
  122  8:35  Hatchery  
  122  8:36  Roach x9  
  122  8:37  Roach  
  141  8:57  Hydralisk x3  
  141  8:58  Hydralisk x5  
  155  9:34  Spine Crawler  
  155  9:37  Spine Crawler  
  155  9:38  Spine Crawler  
  152  9:41  Spore Crawler  
  152  9:42  Spore Crawler  
  150  9:49  Spore Crawler x2  
  148  10:01  Drone x6  
  148  10:02  Drone x3  
  157  10:14  Roach x3  
  163  10:24  Lurker x6  
  169  10:42  Extractor  
  168  10:46  Extractor  
  167  11:40  Hydralisk x2  
  167  11:41  Hydralisk x2  
  167  11:43  Overlord x2  
  167  11:44  Overlord x3  
  175  12:13  Zergling x12  
  181  12:24  Baneling Nest  
  180  12:37  Hydralisk x4  
  180  12:38  Hydralisk x5  
  198  12:45  Lurker  
Show
View Real Time Build Order
Export as new Build Order

Grechinston Terran 

Build Orders:  

Get SALT Encoding   

  12  0:05  SCV  
  13  0:18  SCV  
  14  0:30  SCV  
  15  0:36  Supply Depot  
  15  0:39  Refinery  
  15  0:57  SCV  
  15  0:59  Barracks  
  16  1:09  SCV  
  17  1:22  SCV  
  18  1:34  SCV  
  19  1:40  Command Center  
  19  1:46  SCV  
  20  1:49  Marine  
  21  1:57  Supply Depot  
  21  1:58  SCV  
  22  2:06  Factory  
  22  2:07  Refinery  
  22  2:10  SCV  
  23  2:17  Barracks Tech Lab  
  23  2:24  SCV  
  24  2:42  Orbital Command  
  24  3:00  SCV  
  24  3:05  Refinery  
  25  3:10  SCV  
  25  3:11  Starport  
  25  3:12  SCV  
  27  3:22  SCV  
  27  3:24  SCV  
  29  3:27  Refinery  
  30  3:34  SCV  
  30  3:36  SCV  
  31  3:46  SCV  
  33  3:48  SCV  
  33  3:51  Siege Tank  
  36  3:58  SCV  
  36  3:59  Starport Tech Lab  
  36  4:00  SCV  
  38  4:10  SCV  
  38  4:12  SCV  
  40  4:19  Fusion Core  
  40  4:22  SCV, Supply Depot  
  41  4:24  Supply Depot, SCV  
  41  4:28  Siege Tank  
  45  4:34  SCV  
  46  4:44  Engineering Bay  
  47  4:46  SCV  
  47  4:50  Supply Depot, Starport  
  47  5:04  Siege Tank  
  50  5:13  SCV  
  52  5:17  Planetary Fortress  
  51  5:25  SCV  
  52  5:36  Missile Turret  
  52  5:37  Missile Turret  
  52  5:38  SCV  
  53  5:47  Battlecruiser  
  53  5:48  Starport Tech Lab  
  59  5:50  SCV  
  59  5:55  Starport  
  60  6:00  Missile Turret  
  60  6:03  Missile Turret  
  49  6:48  Starport Tech Lab  
  49  6:49  Battlecruiser  
  55  6:57  Missile Turret  
  55  6:59  Missile Turret  
  55  7:06  Battlecruiser  
  61  8:00  Missile Turret  
  61  8:12  Battlecruiser  
  67  8:22  Command Center, Missile Turret  
  67  8:29  SCV x2  
  69  8:41  SCV, Missile Turret  
  70  9:03  Missile Turret  
  70  9:34  Battlecruiser  
  70  9:38  Weapon Refit  
  76  10:30  Battlecruiser  
  82  10:39  Refinery  
  82  10:40  Refinery, Orbital Command  
Show
View Real Time Build Order
Export as new Build Order

DaseiZull Protoss 

Build Orders: 1 Gate Expand 

Get SALT Encoding   

  12  0:03  Probe (Chrono Boost)  
  13  0:19  Pylon  
  13  0:36  Probe (Chrono Boost)  
  14  0:45  Gateway  
  14  0:46  Probe (Chrono Boost)  
  15  0:51  Gateway  
  16  0:57  Probe (Chrono Boost)  
  16  1:07  Probe (Chrono Boost)  
  17  1:31  Assimilator  
  18  1:32  Probe (Chrono Boost)  
  20  1:40  Zealot (Chrono Boost)  
  20  1:42  Nexus  
  20  1:44  Zealot (Chrono Boost)  
  22  1:57  Pylon  
  22  2:07  Cybernetics Core  
  22  2:17  Zealot (Chrono Boost)  
  22  2:20  Zealot (Chrono Boost)  
  26  2:32  Assimilator  
  26  2:45  Pylon  
  26  2:48  Gateway  
  26  2:52  Warp Gate (Chrono Boost)  
  28  3:01  Stalker (Chrono Boost)  
  28  3:02  Zealot (Chrono Boost)  
  30  3:07  Probe  
  31  3:13  Probe  
  31  3:19  Probe  
  33  3:24  Probe  
  34  3:31  Mothership Core  
  36  3:39  Stalker  
  38  3:45  Stalker  
  40  3:55  Pylon  
  40  3:59  Stalker  
  42  4:14  Probe, Twilight Council  
  43  4:20  Probe  
  44  4:24  Probe  
  45  4:32  Probe  
  46  4:40  Robotics Facility  
  46  4:46  Pylon  
  39  5:15  Probe  
  40  5:26  Probe  
  37  5:44  Pylon  
  37  5:46  Probe  
  37  5:48  Pylon  
  38  5:53  Stalker  
  38  5:54  Stalker  
  38  5:56  Probe  
  40  6:39  Observer (Chrono Boost)  
  41  6:46  Probe  
  42  6:50  Stalker  
  42  6:51  Stalker x2  
  48  6:58  Probe  
  47  7:18  Probe  
  48  7:25  Stalker x2  
  48  7:26  Stalker  
  48  7:28  Probe  
  54  7:32  Immortal (Chrono Boost)  
  59  7:39  Probe  
  59  7:41  Gateway  
  60  7:46  Gateway  
  60  7:50  Probe  
  61  7:58  Probe  
  61  8:02  Probe  
  63  8:08  Probe  
  64  8:14  Probe  
  64  8:18  Mothership Core  
  65  8:23  Blink  
  65  8:27  Probe  
  68  8:39  Probe, Nexus  
  69  8:46  Stalker  
  69  8:48  Pylon  
  69  9:30  Stalker x2  
  69  9:31  Stalker  
  66  9:53  Probe  
  66  9:57  Stalker x2  
  66  9:58  Stalker x2  
  66  9:59  Stalker  
  77  10:04  Probe  
  82  10:07  Immortal (Chrono Boost)  
  82  10:14  Probe  
  82  10:15  Probe  
  82  10:17  Forge  
  82  10:19  Forge  
  84  10:24  Stalker  
  84  10:25  Probe x2  
  88  10:35  Probe  
  88  10:42  Assimilator  
  89  10:46  Stalker, Probe  
  92  10:52  Zealot  
  92  10:56  Probe  
  94  10:58  Protoss Ground Weapons Level 1  
  95  11:07  Probe  
  96  11:13  Stalker x2  
  96  11:14  Stalker  
  96  11:17  Probe  
  91  11:37  Stalker  
  91  11:38  Stalker x2  
  81  11:40  Zealot x2  
  65  12:06  Stalker x3  
  65  12:07  Stalker x2  
  65  12:23  Gateway  
  65  12:24  Gateway  
  65  12:26  Gateway  
  65  12:27  Probe, Gateway  
  65  12:29  Probe  
  67  12:37  Probe  
  67  12:39  Probe, Pylon  
  69  12:46  Stalker  
  69  12:47  Stalker  
  69  12:48  Pylon  
  67  13:26  Pylon  
  67  13:30  Pylon  
  67  13:33  Stalker x2  
  67  13:34  Stalker  
  73  13:42  Stalker x2  
  73  13:43  Stalker  
Show
View Real Time Build Order
Export as new Build Order

Jizzus Terran 

Build Orders: MMM Bio 

Get SALT Encoding   

  12  0:03  SCV  
  13  0:18  SCV  
  13  0:19  Supply Depot  
  14  0:30  SCV  
  15  0:42  Barracks  
  15  0:45  Refinery  
  15  0:46  SCV  
  16  0:58  SCV  
  17  1:10  SCV  
  18  1:28  SCV  
  18  1:31  Marine  
  20  1:35  Command Center  
  20  1:45  Barracks  
  20  1:46  SCV  
  21  1:49  Marine  
  22  2:13  Orbital Command  
  22  2:14  Barracks Tech Lab  
  22  2:25  Refinery  
  22  2:35  Marine  
  23  2:44  Supply Depot  
  23  2:45  Factory  
  23  2:47  Marine  
  24  2:53  Marine  
  24  2:54  SCV  
  26  3:00  SCV  
  26  3:04  Refinery, Marine  
  28  3:06  SCV  
  29  3:16  Engineering Bay  
  29  3:21  Marine  
  29  3:24  SCV  
  31  3:28  SCV  
  32  3:40  SCV  
  32  3:41  Starport  
  33  3:44  Barracks Reactor  
  33  3:51  SCV  
  34  3:59  Marine  
  35  4:07  SCV  
  35  4:08  Supply Depot  
  35  4:09  Factory Tech Lab  
  36  4:13  Terran Infantry Weapons Level 1  
  36  4:17  Marine  
  36  4:19  Stimpack  
  36  4:21  Marine  
  36  4:22  Marine  
  39  4:26  Starport Tech Lab  
  39  4:28  Starport Reactor  
  39  4:31  Supply Depot  
  39  4:36  Starport  
  39  4:37  SCV  
  40  4:40  SCV  
  40  4:43  Marine  
  40  4:44  Marine  
  43  4:51  Siege Tank  
  43  4:52  SCV  
  47  5:18  Liberator x2  
  47  5:32  Starport Tech Lab  
  47  5:34  Starport Reactor  
  53  5:38  Marine  
  53  5:39  Marine x2  
  56  5:56  Marine  
  57  5:57  Marine x2  
  57  5:58  Sensor Tower  
  53  6:11  Orbital Command  
  59  6:14  Marine  
  59  6:29  Missile Turret  
  59  6:34  Marine x2  
  59  6:35  Marine  
  62  6:51  Missile Turret  
  62  6:52  Marine x2  
  64  6:56  Marine  
  64  6:58  Medivac x2  
  64  7:01  Terran Infantry Armor Level 1  
  69  7:06  SCV  
  70  7:12  Missile Turret  
  70  7:40  Command Center  
  70  8:15  Sensor Tower  
  70  8:25  SCV, Medivac, Marine x2  
  75  8:28  Sensor Tower x2  
  75  8:29  Supply Depot  
  75  8:32  Supply Depot, Refinery  
  75  8:37  SCV  
  75  8:39  Sensor Tower  
  76  8:47  Sensor Tower  
  76  8:53  Supply Depot  
  76  8:54  Supply Depot  
  76  8:55  Sensor Tower  
  76  9:11  Liberator  
  76  9:12  Liberator x2  
  76  9:23  Marine  
  76  9:24  Marauder, Marine  
  89  9:41  Marine  
  89  9:42  Marine  
  93  9:45  Marauder  
  93  9:59  Refinery, Marine  
  94  10:04  SCV, Refinery  
  94  10:07  Marauder  
  97  10:08  Supply Depot  
  97  10:16  SCV  
  97  10:20  Starport  
  98  10:23  Starport  
  98  10:24  Starport  
  98  10:27  Armory  
  99  10:28  SCV  
  99  10:29  Armory  
  99  10:31  Supply Depot  
  99  10:38  Fusion Core  
  99  10:40  Combat Shields  
  99  10:42  SCV  
  100  10:48  Orbital Command  
  100  10:54  SCV  
  101  11:04  Supply Depot  
  101  11:06  SCV  
Tags
 
Add a new tag
Caveats
  • Supply blocks, unpowered buildings, or Contaminate may cause inaccurate times.
  • Supply counts are checked every 10 seconds.